 Dungeon Crawl Stone Soup version 0.30.1-3-gfc49f6343a (webtiles) character file.

Game seed: 217964348731677130

26 javelincjr the Trooper (level 2, -2/24 HPs)
             Began as a Demonspawn Fighter on July 20, 2023.
             Slain by a gnoll
             ... wielding a +0 spear
              (5 damage)
             ... on level 2 of the Dungeon.
             The game lasted 00:02:09 (419 turns).

javelincjr the Trooper (Demonspawn Fighter)          Turns: 419, Time: 00:02:10

Health: -2/24      AC:  7    Str: 16    XL:     2   Next: 89%
Magic:  2/2        EV: 13    Int:  9    God:
Gold:   57         SH:  4    Dex: 12    Spells: 1/1 levels left

rFire   . . .        a - +0 trident
rCold   . . .        c - +0 buckler
rNeg    . . .        b - +0 scale mail
rPois   .            j - +0 helmet
rElec   .            (no cloak)
rCorr   .            (no gloves)
SInv    .            (no boots)
Will    .....        (no amulet) Stlth
                     e - +5 ring of evasion
HPRegen 0.24/turn    (no ring)
MPRegen 0.08/turn

%: no passive effects
@: no status effects
A: weakness stinger 1
a: no special abilities


You were on level 2 of the Dungeon.
You visited 1 branch of the dungeon, and saw 2 of its levels.

You collected 57 gold pieces.

Inventory:

Hand Weapons
 a - a +0 trident (weapon)
Missiles
 i - 3 poisoned darts (quivered)
Armour
 b - a +0 scale mail (worn)
 c - a +0 buckler (worn)
 j - a +0 helmet (worn)
Jewellery
 e - a +5 ring of evasion (left hand)
Scrolls
 f - a scroll of identify {unknown}
 g - a scroll of enchant armour {unknown}
 h - a scroll of noise {unknown}
 l - a scroll of fog {unknown}
 m - a scroll of poison {unknown}
Potions
 d - a potion of might
 k - a potion of haste {unknown}
 n - a potion of curing {unknown}


   Skills:
 + Level 3.3 Fighting
 + Level 2.2 Polearms
 + Level 3.0 Armour
 + Level 3.0 Shields


You had one spell level left.
You didn't know any spells.
Your spell library contained the following spells:

 Spells                   Type           Power      Damage    Failure   Level
 Foxfire                  Conj/Fire      0%         2x1d4     88%         1
 Fireball                 Conj/Fire      0%         3d3       100%        5
 Plasma Beam              Fire/Air       0%         2x1d11    100%        6
 Starburst                Conj/Fire      0%         6d3       100%        6


Dungeon Overview and Level Annotations

Branches:
Dungeon (2/15)

Altars:


Innate Abilities, Weirdness & Mutations

You have a small tail.


Message History

The ball python constricts you.
Your Armour skill increases to level 3!
Your Shields skill increases to level 3!
You hit the ball python.
The ball python is severely wounded.
The hobgoblin closely misses you. The gnoll hits you but does no damage.
You block the ball python's attack. The ball python constricts you.
You closely miss the ball python.
The ball python is severely wounded.
The ball python bites you but does no damage.
The ball python constricts you. The hobgoblin closely misses you.
The gnoll barely misses you.
The ball python bites you but does no damage.
The ball python constricts you.
You puncture the hobgoblin!
You kill the hobgoblin!
The gnoll hits you but does no damage. The ball python bites you.
The ball python constricts you. The frilled lizard closely misses you.
The gnoll hits you from afar with a +0 spear.
* * * LOW HITPOINT WARNING * * *
You hit the frilled lizard.
You kill the frilled lizard!
The ball python closely misses you. The ball python constricts you.
The gnoll barely misses you. The ball python bites you.
* * * LOW HITPOINT WARNING * * *
The ball python constricts you.
You hit the rat.
You kill the rat!
The gnoll hits you but does no damage. The ball python bites you.
* * * LOW HITPOINT WARNING * * *
The ball python constricts you.
You barely miss the ball python.
The ball python is severely wounded.
The ball python bites you but does no damage.
The ball python constricts you. The gnoll closely misses you.
You puncture the ball python!
You kill the ball python!
The gnoll closely misses you. The goblin hits you but does no damage.
The gnoll hits you from afar with a +0 spear.
You die...

#... #:.. #...####
...... ....######
.r....!..+..^
#rg......#...#
#g#.####.#....
#@#...##.#...# ##
#.†...##.#...##+#.
####.†##.##.......
#....##.##.......
#.##....##......#
#. #.....#..†...#
# #.##.....#####
#.##.....#
..#<.....#


You could see a gnoll, a quokka, a goblin and a rat.

Vanquished Creatures
  A dart slug (D:2)
  4 ball pythons
  3 endoplasms
  A giant cockroach (D:1)
  2 hobgoblins
  2 quokkas (D:1)
  3 bats
  3 frilled lizards
  3 kobolds
  2 rats (D:2)
24 creatures vanquished.

Notes
Turn   | Place    | Note
-------+----------+-------------------------------------------
     0 | D:1      | javelincjr the Demonspawn Fighter began the quest for the
                  | Orb.
     0 | D:1      | Reached XP level 1. HP: 18/18 MP: 1/1
   254 | D:1      | Gained mutation: You have a small tail. [demonic ancestry]
   254 | D:1      | Reached XP level 2. HP: 24/24 MP: 2/2
   419 | D:2      | Slain by a gnoll

Illustrated notes

Levels and vault maps discovered:
D:1:      saegor_arrival_simple_a, layout_rooms, chequers_serial_rivers_micro_d,
          st_stairs_6
D:2:      layout_basic, serial_shops, nicolae_shop_tiny_statue_garden,
          basic_altar, minmay_guardbox

Skill      XL: |  1  2 |
---------------+-------+-----
Polearms       | 2 |  2.2
Armour         | 3 |  3.0
Shields        | 3 |  3.0
Fighting       | |  3.3

Action                     || total
---------------------------++-------
  Melee: Trident           ||    76
         Tailslap          ||     3
 Armour: Scale mail        ||    24
  Dodge: Dodged            ||    57
  Block: Buckler           ||    19
